 Dungeon Crawl Stone Soup version 0.22-a0-422-g9628fc8 (webtiles) character file.

422685 iamserjio the Acrobat (level 23, -25/256 HPs)
             Began as a Merfolk Gladiator on May 17, 2018.
             Was the Champion of Fedhas.
             Hit by a large rock thrown by a stone giant (28 damage)
             ... while paralysed by a floating eye
             ... on level 2 of the Depths on May 18, 2018.
             The game lasted 05:28:10 (75562 turns).

iamserjio the Acrobat (Merfolk Gladiator)          Turns: 75562, Time: 05:28:11

Health: -25/256    AC: 27    Str: 25    XL:     23   Next: 74%
Magic:  29/32      EV:  2    Int: 12    God:    Fedhas [******]
Gold:   794        SH:  0    Dex: 20    Spells: 20/34 levels left

rFire    + + .     SeeInvis +   t - +8 trident of Generosity {freeze, rElec rC+ Str+4}
rCold    + + +     Gourm    .   C - +1 buckler "Mowiuh" {rC+ Int+4 Dex+2}
rNeg     + . .     Faith    .   (armour currently unavailable)
rPois    ∞         Spirit   .   n - +2 helmet {SInv}
rElec    +         Reflect  .   r - scarf {rC+ rF+}
rCorr    .         Harm     .   (gloves currently unavailable)
MR       ++...                  (boots currently unavailable)
Stlth    ++........             Q - amulet of regeneration
HPRegen  0.92/turn              N - ring of Checkmate {rF+ Stlth+}
MPRegen  0.23/turn              d - ring of protection from magic

@: paralysed, statue-form, studying Dodging, very slow
A: (change form in water), (swift swim), (stealthy swim)
}: 2/15 runes: decaying, gossamer
a: End Transformation, Fungal Bloom, Evolution, Sunlight, Growth, Reproduction,
Rain, Renounce Religion


You were on level 2 of the Depths.
You worshipped Fedhas.
Fedhas was exalted by your worship.
You were not hungry.
You were a stone statue.
You visited 8 branches of the dungeon, and saw 40 of its levels.
You visited the Abyss 3 times.
You also visited: Sewer and Desolation.

You collected 5344 gold pieces.
You spent 4550 gold pieces at shops.

Inventory:

Hand Weapons
 t - the +8 trident of Generosity (weapon) {freeze, rElec rC+ Str+4}
   (You took it off a deep elf annihilator on level 3 of the Elven Halls)

   It has been specially enchanted to freeze those struck by it, causing extra
   injury to most foes and up to half again as much damage against particularly
   susceptible opponents.
   It can also slow down cold-blooded creatures.
   It affects your strength (+4).
   It protects you from cold.
   It insulates you from electricity.
 M - a +0 bardiche of flaming
 X - a +0 demon trident of freezing
Missiles
 S - 6 silver javelins (quivered)
 T - 19 javelins
Armour
 g - a +2 pair of boots of running (melded)
 i - the +4 ring mail of Indemnity (melded) {Regen+ Dex+7}
   (You bought it in a shop on level 2 of the Orcish Mines)

   It affects your dexterity (+7).
   It increases your rate of regeneration.
 n - a +2 helmet of see invisible (worn)
 r - a scarf of resistance (worn)
 v - the +1 robe of Wu Jian {Int+4 Dex+3}
   (You found it on level 2 of the Spider Nest)

   It affects your intelligence (+4).
   It affects your dexterity (+3).
 C - the +1 buckler "Mowiuh" (worn) {rC+ Int+4 Dex+2}
   (You took it off a deep elf sorcerer on level 3 of the Elven Halls)

   It affects your intelligence (+4).
   It affects your dexterity (+2).
   It protects you from cold.
 K - a +1 pair of gloves (melded)
Jewellery
 d - a ring of protection from magic (right hand)
 m - the amulet "Famolytt" {Acrobat rPois}
   (You found it in the Desolation of Salt)

   [amulet of the acrobat]

   It helps you evade while moving and waiting.
   It protects you from poison.
 D - an uncursed ring of resist corrosion
 I - an uncursed ring of positive energy
 N - the ring of Checkmate (left hand) {rF+ Stlth+}
   (You found it in the Desolation of Salt)

   [ring of stealth]

   It protects you from fire.
   It makes you more stealthy.
 Q - an amulet of regeneration (around neck)
Wands
 a - a wand of scattershot (6)
 b - a wand of digging (21)
 y - a wand of enslavement (22)
 L - a wand of acid (10)
 O - a wand of paralysis (13)
 P - a wand of disintegration (50)
Scrolls
 e - 4 scrolls of fog
 l - 2 scrolls of summoning
 p - 19 scrolls of remove curse
 s - 5 scrolls of teleportation
 w - 2 scrolls of blinking
 E - 2 scrolls of identify
 W - 5 scrolls of fear
 Y - 2 scrolls of silence
Potions
 c - 2 potions of magic
 h - 6 potions of agility
 k - 5 potions of haste
 o - a potion of cancellation
 u - 14 potions of curing
 B - 4 potions of berserk rage
 F - 2 potions of might
 G - a potion of flight
 J - 3 potions of resistance
 Z - 2 potions of invisibility
Books
 H - a manual of Dodging
Miscellaneous
 j - 2 phantom mirrors
 x - a box of beasts
 z - a lightning rod (4/4)
 R - a phial of floods (inert)
 U - a lamp of fire
Comestibles
 f - 22 rations


   Skills:
 + Level 20.3 Fighting
 + Level 22.6 Polearms
 - Level 9.0 Throwing
 - Level 12.1 Armour
 + Level 24.3 Dodging
 - Level 4.0 Shields
 - Level 6.0 Spellcasting
 * Level 16.4 Transmutations
 - Level 9.0 Earth Magic
 - Level 9.0 Invocations
 * Level 6.8 Evocations


You had 20 spell levels left.
You knew the following spells:

 Your Spells              Type           Power        Failure   Level  Hunger
a - Statue Form           Tmut/Erth      ####.....    16%         6    #######
b - Passwall              Tmut/Erth      ####......   1%          2    ##.....
c - Blink                 Tloc           N/A          26%         2    ##.....
d - Petrify               Tmut/Erth      ####....     1%          4    ####...

Your spell library contained the following spells:

 Spells                   Type           Power        Failure   Level  Hunger
 Cause Fear               Hex            #.........   87%         4    ####...
 Magic Dart               Conj           #...         19%         1    None
 Fireball                 Conj/Fire      #.........   99%         5    ######.
 Conjure Flame            Conj/Fire      #.......     47%         3    ###....
 Bolt of Cold             Conj/Ice       #.........   100%        6    #######
 Lightning Bolt           Conj/Air       #.........   99%         5    ######.
 Bolt of Magma            Conj/Fire/Erth ##........   82%         5    ######.
 Slow                     Hex            #.......     26%         2    ##.....
 Confuse                  Hex            #.......     47%         3    ###....
 Throw Flame              Conj/Fire      #.....       26%         2    ##.....
 Controlled Blink         Tloc           N/A          100%        8    #######
 Freezing Cloud           Conj/Ice/Air   #.........   100%        6    #######
 Mephitic Cloud           Conj/Pois/Air  #.......     47%         3    ###....
 Ring of Flames           Chrm/Fire      #.........   100%        7    #######
 Venom Bolt               Conj/Pois      #.........   99%         5    ######.
 Olgreb's Toxic Radiance  Pois           #.......     87%         4    ####...
 Summon Small Mammal      Summ           #...         19%         1    None
 Iskenderun's Mystic Bla  Conj           #.......     87%         4    ####...
 Animate Dead             Necr           N/A          87%         4    ####...
 Ozocubu's Refrigeration  Ice            #.........   100%        6    #######
 Sticky Flame             Conj/Fire      #.......     87%         4    ####...
 Summon Ice Beast         Ice/Summ       #.......     87%         4    ####...
 Call Imp                 Summ           #.......     26%         2    ##.....
 Regeneration             Chrm/Necr      #.........   47%         3    ###....
 Sting                    Conj/Pois      #...         19%         1    None
 Iron Shot                Conj/Erth      ##........   99%         6    #######
 Stone Arrow              Conj/Erth      ##....       9%          3    ###....
 Shock                    Conj/Air       #...         19%         1    None
 Swiftness                Chrm/Air       #.......     26%         2    ##.....
 Recall                   Summ/Tloc      N/A          47%         3    ###....
 Spider Form              Tmut/Pois      ###.......   1%          3    ###....
 Blade Hands              Tmut           #####.....   1%          5    ######.
 Ice Form                 Ice/Tmut       ###.....     6%          4    ####...
 Death Channel            Necr           #.........   100%        6    #######
 Deflect Missiles         Chrm/Air       #.........   100%        6    #######
 Airstrike                Air            #.........   87%         4    ####...
 Confusing Touch          Hex            #.....       19%         1    None
 Flame Tongue             Conj/Fire      #....        19%         1    None
 Sticks to Snakes         Tmut           #####...     1%          2    ##.....
 Call Canine Familiar     Summ           #.......     47%         3    ###....
 Metabolic Englaciation   Hex/Ice        #.........   99%         5    ######.
 Silence                  Hex/Air        #.........   99%         5    ######.
 Shatter                  Erth           ####......   100%        9    #######
 Dispersal                Tloc           #.........   100%        6    #######
 Static Discharge         Conj/Air       #.......     47%         3    ###....
 Corona                   Hex            #......      19%         1    None
 Alistair's Intoxication  Tmut/Pois      ###.....     17%         5    ######.
 Lee's Rapid Deconstruct  Erth           ####......   12%         5    ######.
 Sandblast                Erth           ####..       1%          1    None
 Simulacrum               Ice/Necr       #.........   100%        6    #######
 Conjure Ball Lightning   Conj/Air       #.........   100%        6    #######
 Portal Projectile        Hex/Tloc       #.....       47%         3    ###....
 Orb of Destruction       Conj           #.........   100%        7    #######
 Tornado                  Air            #.........   100%        9    #######
 Leda's Liquefaction      Hex/Erth       ##........   28%         4    ####...
 Shroud of Golubria       Chrm/Tloc      #.........   26%         2    ##.....
 Inner Flame              Hex/Fire       #.......     47%         3    ###....
 Beastly Appendage        Tmut           #####.       1%          1    None
 Disjunction              Tloc           #.........   100%        8    #######
 Iskenderun's Battlesphe  Conj/Chrm      #.......     99%         5    ######.
 Fulminant Prism          Conj/Hex       #.........   87%         4    ####...
 Dazzling Spray           Conj/Hex       #.....       47%         3    ###....
 Force Lance              Conj/Tloc      #.......     87%         4    ####...
 Infusion                 Chrm           #...         19%         1    None
 Song of Slaying          Chrm           #.......     26%         2    ##.....
 Spectral Weapon          Hex/Chrm       #.......     47%         3    ###....
 Searing Ray              Conj           #.....       26%         2    ##.....
 Discord                  Hex            #.........   100%        8    #######
 Summon Lightning Spire   Summ/Air       #.......     87%         4    ####...
 Summon Guardian Golem    Hex/Summ       #.......     47%         3    ###....
 Spellforged Servitor     Conj/Summ      #.........   100%        7    #######
 Gell's Gravitas          Tloc           #.........   47%         3    ###....
 Yara's Violent Unravell  Hex/Tmut       ###.......   17%         5    ######.
 Poisonous Vapours        Pois/Air       #.....       26%         2    ##.....
 Borgnjor's Vile Clutch   Necr/Erth      ##........   61%         5    ######.


Dungeon Overview and Level Annotations

Branches:
Dungeon (15/15)            Temple (0/1) D:6            Lair (6/6) D:11
  Swamp (4/4) Lair:2       Spider (4/4) Lair:2        Slime (0/5) Lair:5
    Orc (2/2) D:11            Elf (3/3) Orc:2        Vaults (4/5) D:14
  Crypt (0/3) Vaults:3     Depths (2/5) D:15

Altars:
Ashenzari
Dithmenos
Fedhas
Gozag
Kikubaaqudgha
Nemelex Xobeh
Qazlal
Ru
Trog
Uskayaw
Vehumet
Wu Jian
Xom
Yredelemnul
Beogh
Jiyva
Lugonu

Shops:
D:8 }(   D:11 [   D:13 *   Orc:1 *   Orc:2 :*[*   Vaults:3 }!*   Vaults:4 (
Depths:1 =}}

Portals:
Hell: Depths:1
Abyss: Depths:1
Pandemonium: Orc:2
Trove: D:10 (give 18 potions of curing)

Annotations:
D:4 2 transporters, Menkaure
Depths:1 1 exclusion
Depths:2 the Enchantress


Message History

* * * LOW HITPOINT WARNING * * *
You hear a splash.
The fire giant hits you but does no damage.
The spriggan defender is engulfed in a cloud of scalding steam.
The stone giant throws a large rock.
The large rock hits you!
* * * LOW HITPOINT WARNING * * *
You hear a splash.
The Enchantress mumbles some strange words.
The Enchantress seems to speed up.
The fire giant hits you but does no damage.
The floating eye's view fixates on you.
The great orb of eyes is engulfed in a cloud of scalding steam.
The spriggan defender hits you with a demon whip of venom!!
* * * LOW HITPOINT WARNING * * *
The spriggan defender hits you but does no damage.
The fire giant hits you with a great sword of flaming!
* * * LOW HITPOINT WARNING * * *
The stone giant throws a large rock.
The large rock hits you!!
You die...
Fedhas appreciates your contribution to the ecosystem.

#######.#.#.....#..
#.###.....P.#..#.....
#....................
...#####....#...#.#.....
.........##.#..#..#.....
.#####C###.#..##.......
#.###.#.....#.....
#.#...#.###.#.....
#8#§≈...... #.....
#####Cii≈...### #.....
#...iG)≈≈.### ###...
....###i###..# #.
#.≈i..# ..# #..#.#..#
... #.........# ##.
#....(......#
#.#.._P_..#.#


You could see the Enchantress, a fire giant, a stone giant, a spriggan defender,
2 spriggan air magi, a spriggan and a floating eye.

Vanquished Creatures
  Arachne (Spider:2)
  A bone dragon (Abyss:2)
  2 tentacled monstrosities
  A lich (Vaults:3)
  3 deep elf blademasters
  8 tentacled starspawn
  A sphinx (Vaults:3)
  Donald (Spider:1)
  2 tengu reavers
  A shadow dragon (Vaults:4)
  A fire giant (Vaults:3)
  4 deep elf sorcerers
  11 vault wardens
  A frost giant (Vaults:3)
  5 emperor scorpions
  5 ghost moths
  2 spriggan defenders (Depths:2)
  8 very ugly things
  8 stone giants
  6 deep elf elementalists (Elf:3)
  A war gargoyle (Vaults:3)
  9 ironheart preservers
  A reaper (Abyss:2)
  An entropy weaver (Spider:3)
  A starcursed mass (Abyss:3)
  A halazid warlock (Desolation)
  8 deep elf demonologists
  A spark wasp (Depths:2)
  Azrael (Orc:2)
  9 deep elf annihilators
  2 ettins
  2 merfolk impalers (Depths:1)
  2 crystal guardians
  2 green deaths (Swamp:4)
  4 deep elf death magi
  7 deep elf high priests
  Josephine (Spider:1)
  2 fire dragons
  A blizzard demon (Abyss:3)
  5 ragged hierophants (Desolation)
  4 rakshasas
  2 great orbs of eyes (Vaults:4)
  7 yaktaur captains
  2 servants of whispers (Desolation)
  6 ice dragons
  3 peacekeepers (Desolation)
  5 centaur warriors
  22 hydras
  3 vault guards
  A catoblepas (Lair:5)
  4 death knights
  15 alligators
  31 dancing weapons
  9 ogre magi
  A deep troll shaman (Vaults:4)
  A vampire mage (Abyss:2)
  4 tengu warriors
  25 two-headed ogres
  7 orc high priests (Orc:2)
  Urug (D:12)
  2 deep troll earth magi (Depths:2)
  Nergalle (Lair:1)
  38 deep elf knights
  13 spriggans
  4 wretched stars (Abyss:2)
  A spatial maelstrom (Abyss:2)
  2 sixfirhies (Abyss:2)
  A shadow wraith (Vaults:4)
  A storm dragon skeleton (Vaults:3)
  7 deep trolls
  6 skeletal warriors (Vaults:3)
  4 unseen horrors
  4 wizards
  A flayed ghost (Vaults:4)
  A glowing orange brain (Abyss:3)
  An infernal demonspawn (Orc:2)
  A spriggan druid (Swamp:2)
  An unseen horror (shapeshifter) (Vaults:2)
  18 deep elf archers
  9 swamp dragons
  2 gelid demonspawn (Orc:2)
  A phantasmal warrior (Vaults:2)
  15 ironbrand convokers
  19 orc knights
  A shadow dragon zombie (Vaults:3)
  20 harpies
  36 ugly things
  69 deep elf magi
  5 necromancers
  10 orc sorcerers
  2 tengu skeletons
  16 orb spiders
  A shadow dragon skeleton (Vaults:3)
  27 wolf spiders
  A stone giant zombie (Vaults:2)
  A frost giant zombie (Vaults:3)
  A salamander (shapeshifter) (Elf:3)
  A worldbinder (Abyss:2)
  2 frost giant skeletons (Vaults:2)
  A manticore (D:11)
  18 elephants
  3 fire giant skeletons
  8 human skeletons
  3 stone giant skeletons
  3 guardian serpents (Desolation)
  4 cyclopes
  2 smoke demons
  4 torpor snails
  A rust devil (Orc:2)
  15 vault sentinels
  A guardian serpent (shapeshifter) (Abyss:3)
  An eye of devastation (shapeshifter) (Vaults:3)
  An apocalypse crab (Abyss:3)
  5 black mambas
  17 spiny frogs
  6 orange demons
  2 gargoyles
  11 komodo dragons
  2 rime drakes
  A human zombie (Vaults:2)
  4 centaur skeletons
  8 demonic crawlers
  A yaktaur skeleton (Vaults:3)
  46 yaktaurs
  A komodo dragon (shapeshifter) (Vaults:1)
  An ice devil (Orc:2)
  11 freezing wraiths
  5 trolls
  2 hellwings (Abyss:2)
  34 jumping spiders
  A queen bee (shapeshifter) (Vaults:4)
  2 polar bears (Lair:6)
  An ancient zyme (Abyss:3)
  A red devil (Orc:2)
  3 meliai (D:13)
  A queen bee (Lair:2)
  A jumping spider (shapeshifter) (Vaults:1)
  A shadow dragon simulacrum (Vaults:3)
  11 tyrant leeches
  10 hippogriffs
  A sphinx simulacrum (Vaults:2)
  4 raiju (Abyss:2)
  7 bog bodies
  35 saltlings (Desolation)
  12 slime creatures
  8 dream sheep (Lair:6)
  18 hornets
  An ettin zombie (Vaults:2)
  23 blink frogs
  A human simulacrum (Vaults:3)
  An air elemental (Elf:1)
  3 ettin skeletons
  Sigmund (D:5)
  2 shadows
  29 tarantellas
  3 ynoxinuls
  82 redbacks
  13 water elementals
  11 wraiths
  3 fire bats (Abyss:2)
  A vampire (D:9)
  A wyvern (shapeshifter) (Elf:1)
  67 yaks
  16 humans
  2 yaks (shapeshifter)
  A golden eye (Abyss:2)
  3 hogs (D:8)
  6 wyverns
  16 small abominations
  6 fire elementals
  3 hungry ghosts
  27 vampire mosquitoes
  4 basilisks
  2 basilisks (shapeshifter)
  3 chaos spawn
  A steam dragon (D:13)
  A neqoxec (Abyss:2)
  10 large abominations
  5 wargs
  20 insubstantial wisps
  14 swamp worms
  A spatial vortex (Abyss:2)
  8 water moccasins
  3 acid dragons
  2 hell hounds
  A deep troll skeleton (Vaults:2)
  2 porcupines
  The ghost of Verendum the Ruffian, an amateur TrMo (D:3)
  A sky beast (D:10)
  7 swamp drakes
  47 orc warriors
  3 black bears
  3 ice beasts
  An eye of draining (shapeshifter) (Vaults:4)
  6 phantoms
  7 boggarts
  24 wolves
  21 centaurs
  24 ogres
  17 crocodiles
  An elf skeleton (Vaults:2)
  2 big kobolds
  Blork the orc (D:5)
  2 wandering mushrooms
  2 wyvern zombies
  16 bullfrogs
  3 earth elementals
  A gnoll sergeant (D:7)
  A wyvern skeleton (D:6)
  A scorpion (D:5)
  50 killer bees
  9 wights
  4 howler monkeys
  5 crimson imps
  A centaur zombie (D:5)
  2 quasits
  6 hounds
  6 jellies
  25 orc wizards
  A gnoll shaman (D:4)
  17 orc priests
  4 iguanas
  14 worker ants
  2 killer bee zombies
  A hound skeleton (D:6)
  A hound zombie (D:9)
  A howler monkey zombie (D:5)
  A worker ant zombie (D:10)
  13 gnolls
  8 adders
  3 river rats
  2 shadow imps
  2 white imps
  An ufetubus (Abyss:2)
  An ooze (D:1)
  2 adder skeletons (D:6)
  4 worms
  A dart slug (D:2)
  11 leopard geckos
  117 orcs
  6 giant cockroaches
  4 goblins
  7 hobgoblins
  14 jackals
  13 kobolds
  2 quokkas
  A ball python (D:1)
  7 bats
  2 frilled lizards
  A quokka zombie (D:6)
  16 rats
  3 ballistomycetes
  2 ballistomycete spores (Orc:2)
  2 crawling corpses
  11 starspawn tentacles
1968 creatures vanquished.

Vanquished Creatures (collateral kills)
  3 emperor scorpions (Spider:4)
  2 entropy weavers (Spider:4)
  2 ragged hierophants (Desolation)
  A servant of whispers (Desolation)
  A hydra (Lair:5)
  A two-headed ogre (Vaults:4)
  A sun demon (Orc:2)
  An orc knight (Orc:2)
  3 orc sorcerers (Orc:2)
  A deep elf mage (Vaults:4)
  2 orb spiders (Spider:4)
  A rust devil (Orc:2)
  3 elephants
  Joseph (D:7)
  A torpor snail (Spider:4)
  A demonic crawler (Spider:4)
  A polar bear (Lair:6)
  7 jumping spiders
  9 saltlings (Desolation)
  2 blink frogs
  A yak (Lair:6)
  2 spriggans (Lair:6)
  A fire elemental (Orc:1)
  2 redbacks
  A hog (D:8)
  A hungry ghost (D:8)
  A water moccasin (Lair:2)
  Duvessa (D:5)
  A porcupine (Lair:5)
  5 orc warriors
  An ice beast (D:6)
  Dowan (D:5)
  4 killer bees
  6 orc priests
  A gnoll (D:7)
  A leopard gecko (D:8)
  5 orcs
  A quokka skeleton (D:6)
  6 ballistomycete spores
  9 hyperactive ballistomycetes
95 creatures vanquished.

Vanquished Creatures (others)
  2 thorn hunters
  An eldritch tentacle (Depths:1)
  4 oklob plants
  A ghoul (Vaults:2)
  2 hydras
  A thrashing horror (Swamp:4)
  A deep elf archer (Elf:1)
  A spiny frog (Lair:5)
  An orange demon (Swamp:4)
  2 hornets
  A bog body (Swamp:3)
  A redback (Spider:3)
  A shadow (Swamp:1)
  A spriggan (Depths:2)
  A tarantella (Spider:3)
  A human (D:14)
  4 vampire mosquitoes (Swamp:1)
  A small abomination (Abyss:2)
  A swamp worm (Swamp:4)
  4 swamp drakes (Swamp:1)
  A necrophage (D:10)
  An ogre (Vaults:1)
  An orc wizard (Elf:1)
  An orc priest (Elf:1)
  3 orcs (Elf:1)
  A kobold (D:8)
  24 wandering mushrooms
  19 ballistomycetes
  A ballistomycete spore (Lair:6)
  A briar patch (Swamp:2)
  8 fungi
  2 lurking horrors (Abyss:2)
  11 plants
  19 starspawn tentacles
  1471 toadstools
  3 withered plants (D:10)
1599 creatures vanquished.

Grand Total: 3662 creatures vanquished

Notes
Turn   | Place    | Note
-------+----------+-------------------------------------------
     0 | D:1      | iamserjio the Merfolk Gladiator began the quest for the Orb.
     0 | D:1      | Reached XP level 1. HP: 16/16 MP: 1/1
   159 | D:1      | Reached XP level 2. HP: 23/23 MP: 2/2
   172 | D:1      | Reached skill level 5 in Polearms
  1084 | D:2      | Reached XP level 3. HP: 28/28 MP: 3/3
  1338 | D:2      | Found a stormy altar of Qazlal.
  1338 | D:2      | Found a blossoming altar of Fedhas.
  1379 | D:2      | Found a shadowy altar of Dithmenos.
  1589 | D:2      | Became a worshipper of Fedhas Madash
  1708 | D:2      | Reached XP level 4. HP: 14/35 MP: 4/4
  1900 | D:3      | Noticed Verendum's ghost (amateur TrMo)
  2361 | D:3      | Reached skill level 5 in Dodging
  2707 | D:3      | Reached XP level 5. HP: 41/41 MP: 5/5
  3215 | D:3      | HP: 2/41 [Verendum's ghost (14)]
  3831 | D:4      | Noticed an ogre
  4440 | D:4      | Noticed a phantom
  4472 | D:4      | Killed a phantom
  4472 | D:4      | Reached XP level 6. HP: 37/48 MP: 6/6
  4862 | D:4      | Found a transporter.
  4863 | D:4      | Noticed a hungry ghost
  4869 | D:4      | Found a transporter.
  4870 | D:4      | Reached * piety under Fedhas
  4987 | D:4      | Found an ancient bone altar of Kikubaaqudgha.
  4991 | D:4      | Noticed Menkaure
  4997 | D:4      | Found a basalt altar of Yredelemnul.
  5114 | D:4      | Noticed a phantom
  5192 | D:4      | Killed a phantom
  5192 | D:4      | Reached skill level 6 in Dodging
  5192 | D:4      | Reached XP level 7. HP: 44/55 MP: 7/7
  5451 | D:3      | Killed Verendum's ghost
  5745 | D:5      | Entered Level 5 of the Dungeon
  6240 | D:5      | Noticed Sigmund
  6256 | D:5      | Killed Sigmund
  6256 | D:5      | Reached skill level 5 in Fighting
  6256 | D:5      | Reached skill level 1 in Armour
  6256 | D:5      | Reached XP level 8. HP: 55/62 MP: 8/8
  6296 | D:5      | Reached skill level 7 in Dodging
  6307 | D:5      | Reached skill level 10 in Polearms
  6376 | D:5      | Noticed Dowan
  6376 | D:5      | Noticed Duvessa
  6395 | D:5      | Killed Dowan
  6401 | D:5      | Killed Duvessa
  6634 | D:5      | Noticed Blork the orc
  6659 | D:5      | Killed Blork the orc
  6867 | D:5      | Found a shattered altar of Ashenzari.
  6904 | D:5      | Noticed an enchanted dagger
  6906 | D:5      | Noticed a dagger
  6933 | D:5      | Found a hide-covered altar of Uskayaw.
  7192 | D:6      | HP: 3/63 [poisoned by a worker ant]
  7198 | D:5      | HP: 2/63 [poisoned by a worker ant]
  7205 | D:5      | HP: 1/63 [poisoned by a worker ant]
  7213 | D:5      | HP: 1/63 [poisoned by a worker ant]
  7831 | D:6      | Found a glowing drain.
  7839 | Sewer    | Entered a sewer
  7955 | Sewer    | Found a white marble altar of Elyvilon.
  8367 | D:6      | Reached skill level 8 in Dodging
  8367 | D:6      | Reached XP level 9. HP: 62/69 MP: 6/9
  9080 | D:6      | Reached ** piety under Fedhas
  9117 | D:6      | Found a staircase to the Ecumenical Temple.
  9510 | D:7      | Noticed Joseph
  9528 | D:7      | Killed Joseph
  9980 | D:7      | Reached skill level 9 in Dodging
 10867 | D:8      | Found an opulent altar of Gozag.
 10867 | D:8      | Found a sparkling altar of Nemelex Xobeh.
 10896 | D:8      | Reached XP level 10. HP: 64/79 MP: 10/10
 11300 | D:8      | Got a scorched flail
 11455 | D:8      | Found Zixy's Food Shop.
 11586 | D:8      | Found Melonot's Weapon Shoppe.
 11607 | D:8      | Found Liachuosh's Gadget Shoppe.
 11632 | D:8      | Found a radiant altar of Vehumet.
 11928 | D:9      | Noticed a deep elf mage
 11939 | D:9      | Noticed a two-headed ogre
 11952 | D:9      | Killed a two-headed ogre
 11952 | D:9      | Reached skill level 10 in Dodging
 11954 | D:9      | Noticed a death knight
 11958 | D:9      | Killed a deep elf mage
 12547 | D:9      | Noticed a gargoyle
 12570 | D:9      | Killed a gargoyle
 12570 | D:9      | Reached skill level 5 in Armour
 12572 | D:9      | Noticed a white ugly thing
 12585 | D:9      | Killed a white ugly thing
 12585 | D:9      | Reached skill level 11 in Dodging
 12585 | D:9      | Reached XP level 11. HP: 40/89 MP: 11/11
 13351 | D:9      | Reached skill level 1 in Invocations
 13903 | D:10     | Entered Level 10 of the Dungeon
 14405 | D:10     | Found a portal to a secret trove of treasure.
 14606 | D:10     | Reached *** piety under Fedhas
 15137 | D:11     | Noticed an orc knight
 15179 | D:10     | Killed an orc knight
 15314 | D:11     | Found a staircase to the Orcish Mines.
 15315 | D:11     | Noticed a manticore
 15316 | D:11     | Found Ylodwir's Armour Shoppe.
 15328 | D:11     | Killed a manticore
 15328 | D:11     | Reached skill level 12 in Dodging
 15947 | D:11     | Noticed a four-headed hydra
 15959 | D:11     | Killed a four-headed hydra
 15959 | D:11     | Reached skill level 10 in Fighting
 16129 | D:11     | Found a staircase to the Lair.
 16250 | D:11     | Reached skill level 13 in Dodging
 16541 | D:12     | Reached XP level 12. HP: 84/97 MP: 15/15
 16546 | D:12     | Noticed Urug
 17070 | D:12     | Reached **** piety under Fedhas
 17104 | D:12     | Killed Urug
 17321 | D:12     | Noticed a four-headed hydra
 17344 | D:12     | Killed a four-headed hydra
 17889 | D:11     | Identified the +5 flail of Mutilation {crush, rF++ Str+4 Dex-3} (You found it on level 8 of the Dungeon)
 17896 | Orc:1    | Entered Level 1 of the Orcish Mines
 17948 | D:11     | Reached skill level 14 in Dodging
 18303 | Orc:1    | Found a bloodstained altar of Trog.
 18360 | Orc:2    | Entered Level 2 of the Orcish Mines
 18374 | Orc:2    | Found a staircase to the Elven Halls.
 18377 | Orc:2    | Noticed Azrael
 18560 | Orc:1    | Found Magyc's General Store.
 18590 | Orc:2    | Killed Azrael
 19929 | Orc:2    | Noticed a soul eater
 20093 | Orc:2    | Reached skill level 15 in Dodging
 20093 | Orc:2    | Reached XP level 13. HP: 101/106 MP: 16/16
 20204 | Orc:2    | Reached skill level 5 in Throwing
 20312 | Orc:2    | Found Gadghael's General Store.
 20313 | Orc:2    | Found Cyptu's General Store.
 20997 | Orc:2    | Bought a potion of mutation for 80 gold pieces
 20997 | Orc:2    | Bought a scroll of teleportation for 30 gold pieces
 20997 | Orc:2    | Bought a potion of agility for 40 gold pieces
 20999 | Orc:2    | Bought a potion of berserk rage for 70 gold pieces
 20999 | Orc:2    | Bought a potion of curing for 42 gold pieces
 20999 | Orc:2    | Bought a potion of curing for 42 gold pieces
 21123 | Orc:2    | Reached skill level 5 in Invocations
 21526 | Orc:2    | Bought a ration for 70 gold pieces
 22123 | Orc:2    | Reached skill level 16 in Dodging
 22235 | Orc:2    | Found Vyutes's Book Shop.
 22235 | Orc:2    | Found Kohalaoj's Antique Armour Boutique.
 22235 | Orc:2    | Found a one-way gate leading to the halls of Pandemonium.
 22250 | Orc:2    | Bought a runed cloak for 240 gold pieces
 22250 | Orc:2    | Bought a bronze ring mail for 288 gold pieces
 22270 | Orc:2    | Identified the +4 ring mail of Indemnity {Regen+ Dex+7} (You bought it in a shop on level 2 of the Orcish Mines)
 22282 | Orc:2    | Bought a shield for 144 gold pieces
 22447 | Lair:1   | Entered Level 1 of the Lair of Beasts
 22529 | Lair:1   | Noticed Nergalle
 22545 | Lair:1   | Killed Nergalle
 23011 | Lair:1   | Reached XP level 14. HP: 114/114 MP: 18/18
 23567 | Lair:2   | Found a hole to the Spider Nest.
 23646 | Lair:2   | Reached skill level 15 in Polearms
 23837 | Lair:2   | Found a staircase to the Swamp.
 24493 | Lair:2   | Reached skill level 17 in Dodging
 25114 | Lair:3   | Got a translucent rapier
 26189 | Lair:4   | Reached skill level 1 in Evocations
 27082 | Lair:5   | Reached ***** piety under Fedhas
 27777 | Lair:5   | Reached XP level 15. HP: 89/122 MP: 20/20
 28219 | Lair:5   | Found a viscous altar of Jiyva.
 28220 | Lair:5   | Found a staircase to the Slime Pits.
 28479 | Lair:6   | Entered Level 6 of the Lair of Beasts
 29350 | Lair:6   | Reached skill level 18 in Dodging
 30945 | D:13     | Found Kahougih's Assorted Antiques.
 31360 | D:13     | Reached ****** piety under Fedhas
 32361 | D:14     | Found a gate to the Vaults.
 32527 | D:14     | Found a roughly hewn altar of Beogh.
 32535 | D:14     | Reached XP level 16. HP: 132/132 MP: 22/22
 33564 | D:15     | Entered Level 15 of the Dungeon
 33936 | D:15     | Reached skill level 5 in Evocations
 34161 | D:15     | Paralysed by an orc sorcerer for 4 turns
 34308 | D:15     | Found a staircase to the Depths.
 34897 | Orc:2    | Bought a +0 pair of boots of running for 441 gold pieces
 34897 | Orc:2    | Bought a scroll of identify for 28 gold pieces
 34912 | Orc:2    | Bought a scroll of identify for 20 gold pieces
 35051 | Swamp:1  | Entered Level 1 of the Swamp
 35472 | Swamp:1  | Noticed a thorn hunter
 36589 | Swamp:2  | Killed a thorn hunter
 37682 | Swamp:2  | Reached skill level 15 in Fighting
 37830 | Swamp:2  | Got a wavering golden ring
 37841 | Swamp:2  | Identified the ring "Cahiar" {MP+9 Str+4 Slay-4 SInv} (You found it on level 2 of the Swamp)
 37844 | Swamp:2  | Got a smoking marble ring
 37851 | Swamp:2  | Reached skill level 19 in Dodging
 37868 | Swamp:2  | Identified the ring "Awnax" {-Tele rF++ rN+ Str+3 Dex+4} (You found it on level 2 of the Swamp)
 39430 | Swamp:3  | Reached XP level 17. HP: 105/142 MP: 23/23
 40386 | Swamp:4  | Entered Level 4 of the Swamp
 41826 | Swamp:4  | Noticed a tentacled monstrosity
 41846 | Swamp:4  | Reached skill level 10 in Armour
 41891 | Swamp:4  | Killed a tentacled monstrosity
 42408 | Swamp:4  | Got a decaying rune of Zot
 42644 | Spider:1 | Entered Level 1 of the Spider Nest
 42881 | Spider:1 | Got a translucent spear
 43493 | Spider:1 | Noticed Josephine
 43525 | Spider:1 | Killed Josephine
 43924 | Spider:1 | Noticed Donald
 43946 | Spider:1 | Killed Donald
 44092 | Spider:1 | Identified the +2 spear of Zumusezayq {protect, *Rage +Blink rElec} (You found it on level 1 of the Spider Nest)
 44718 | Spider:2 | Noticed Arachne
 44973 | Spider:2 | Got a slimy robe
 45580 | Spider:2 | Reached XP level 18. HP: 127/153 MP: 24/24
 45750 | Spider:2 | Killed Arachne
 46073 | Spider:2 | Identified the cursed +1 robe of Wu Jian {Int+4 Dex+3} (You found it on level 2 of the Spider Nest)
 47936 | Spider:4 | Entered Level 4 of the Spider Nest
 47951 | Spider:3 | Reached skill level 20 in Dodging
 52939 | Spider:4 | Got a gossamer rune of Zot
 53477 | D:8      | Bought a ration for 55 gold pieces
 53477 | D:8      | Bought a ration for 55 gold pieces
 53477 | D:8      | Bought a ration for 55 gold pieces
 53477 | D:8      | Bought a ration for 55 gold pieces
 53477 | D:8      | Bought a ration for 55 gold pieces
 53477 | D:8      | Bought a ration for 55 gold pieces
 53477 | D:8      | Bought a ration for 55 gold pieces
 53477 | D:8      | Bought a ration for 55 gold pieces
 53477 | D:8      | Bought a ration for 55 gold pieces
 53477 | D:8      | Bought a ration for 55 gold pieces
 53477 | D:8      | Bought a ration for 55 gold pieces
 53573 | Elf:1    | Entered Level 1 of the Elven Halls
 53743 | Elf:1    | Found a ruined gateway.
 53761 | Elf:1    | Reached XP level 19. HP: 145/163 MP: 25/25
 53865 | Desolati | Entered the Desolation of Salt
 54379 | Desolati | Got a bound amethyst amulet
 54386 | Desolati | Identified Goups's Volume of the Rocks
 54496 | Desolati | Identified the amulet "Famolytt" {Acrobat rPois} (You found it in the Desolation of Salt)
 54543 | Desolati | Got a steaming bone ring
 54545 | Desolati | Identified the ring of Checkmate {rF+ Stlth+} (You found it in the Desolation of Salt)
 54865 | Desolati | Identified the Handbook of the Poisonous Rocks
 56199 | Elf:1    | Cast into level 2 of the Abyss (a deep elf sorcerer)
 56615 | Abyss:2  | Noticed a bone dragon
 56681 | Abyss:2  | Learned a level 6 spell: Statue Form
 56772 | Abyss:2  | Reached skill level 1 in Transmutations
 56832 | Elf:1    | Escaped the Abyss
 57132 | Elf:1    | Reached skill level 1 in Earth Magic
 57716 | Elf:1    | Noticed an Ice Fiend
 57718 | Elf:1    | Reached skill level 5 in Transmutations
 58119 | Elf:1    | Reached skill level 21 in Dodging
 58270 | Elf:2    | Reached skill level 1 in Spellcasting
 58494 | Elf:2    | Cast into level 3 of the Abyss (a deep elf demonologist)
 58494 | Abyss:3  | Found a corrupted altar of Lugonu.
 58500 | Abyss:3  | Identified a scroll of acquirement
 58546 | Abyss:3  | Reached XP level 20. HP: 156/172 MP: 26/26
 58885 | Abyss:3  | Paralysed by you for 3 turns
 58950 | Elf:2    | Escaped the Abyss
 58975 | Elf:2    | Found a huge runed gate.
 58975 | Elf:2    | Found a huge runed gate.
 58975 | Elf:2    | Found a huge runed gate.
 58975 | Elf:2    | Found a huge runed gate.
 58975 | Elf:2    | Found a huge runed gate.
 61450 | Elf:3    | Entered Level 3 of the Elven Halls
 62459 | Elf:3    | Reached skill level 5 in Earth Magic
 62459 | Elf:3    | Reached skill level 10 in Transmutations
 63013 | Elf:3    | Learned a level 2 spell: Passwall
 63023 | Elf:3    | Got a transparent trident {freeze}
 63113 | Elf:3    | Noticed a Tzitzimitl
 63249 | Elf:3    | Reached XP level 21. HP: 179/179 MP: 27/27
 63295 | Elf:3    | Cast into level 2 of the Abyss (a deep elf demonologist)
 63966 | Abyss:2  | Noticed a bone dragon
 63990 | Abyss:2  | Killed a bone dragon
 64047 | Abyss:2  | Identified the +8 trident of Generosity {freeze, rElec rC+ Str+4} (You took it off a deep elf annihilator on level 3 of the Elven Halls)
 64066 | Abyss:2  | Found a corrupted altar of Lugonu.
 64097 | Elf:3    | Escaped the Abyss
 64227 | Elf:3    | Got an ancient leather armour
 64291 | Elf:3    | Identified the +3 leather armour of Abstinence {rCorr} (You took it off a deep elf mage on level 3 of the Elven Halls)
 64432 | Elf:3    | Got a crude buckler
 64438 | Elf:3    | Identified the +1 buckler "Mowiuh" {rC+ Int+4 Dex+2} (You took it off a deep elf sorcerer on level 3 of the Elven Halls)
 64677 | D:13     | Bought a scroll of enchant weapon for 210 gold pieces
 64677 | D:13     | Bought a tubular glass ring for 140 gold pieces
 64677 | D:13     | Bought a scroll of blinking for 210 gold pieces
 64677 | D:13     | Bought a scroll of silence for 210 gold pieces
 64677 | D:13     | Bought a potion of invisibility for 224 gold pieces
 64677 | D:13     | Bought a scroll of identify for 56 gold pieces
 64988 | Vaults:1 | Entered Level 1 of the Vaults
 66130 | Vaults:2 | Reached skill level 22 in Dodging
 66843 | Vaults:2 | Reached skill level 5 in Spellcasting
 67690 | Vaults:3 | Reached XP level 22. HP: 167/188 MP: 30/30
 68746 | Vaults:3 | Found Fulology's Gadget Emporium.
 68746 | Vaults:3 | Found Ququyt's Distillery.
 68860 | Vaults:3 | Found Folasip's Assorted Antiques.
 68865 | Vaults:3 | Bought a potion of curing for 138 gold pieces
 69328 | Vaults:3 | Found a staircase to the Crypt.
 69553 | Vaults:3 | Reached skill level 23 in Dodging
 69751 | Vaults:3 | Bought a potion of mutation for 144 gold pieces
 69751 | Vaults:3 | Bought a potion of mutation for 144 gold pieces
 69751 | Vaults:3 | Bought a potion of curing for 54 gold pieces
 69751 | Vaults:3 | Bought a potion of agility for 72 gold pieces
 69751 | Vaults:3 | Bought 2 potions of mutation for 288 gold pieces
 69778 | Vaults:3 | Reached skill level 1 in Shields
 70360 | Vaults:4 | Reached skill level 15 in Transmutations
 70538 | Vaults:4 | Reached XP level 23. HP: 123/196 MP: 32/32
 72580 | Vaults:4 | Found Miarr's Weapon Emporium.
 73207 | Vaults:4 | Reached skill level 24 in Dodging
 73440 | Vaults:4 | Paralysed by a great orb of eyes for 7 turns
 74049 | Depths:1 | Entered Level 1 of the Depths
 74056 | Depths:1 | Learned a level 2 spell: Blink
 74061 | Depths:1 | Learned a level 4 spell: Petrify
 74113 | Depths:1 | Found a gateway to Hell.
 74293 | Depths:1 | Found a corrupted altar of Lugonu.
 74293 | Depths:1 | Found a one-way gate to the infinite horrors of the Abyss.
 74821 | Depths:1 | Found a corrupted altar of Lugonu.
 74824 | Depths:1 | Identified Lugonu's Disquisition on Black Rites
 74857 | Depths:1 | Found Seguiq's Gadget Shoppe.
 74858 | Depths:1 | Found Jauc's Jewellery Boutique.
 74859 | Depths:1 | Found Tofiff's Gadget Shoppe.
 74883 | Depths:1 | Bought a phial of floods for 520 gold pieces
 75517 | Depths:2 | Found an ornate altar of the Wu Jian Council.
 75518 | Depths:2 | Found an ancient bone altar of Kikubaaqudgha.
 75519 | Depths:2 | Found a shimmering altar of Xom.
 75519 | Depths:2 | Found a sacrificial altar of Ru.
 75521 | Depths:2 | Noticed the Enchantress
 75556 | Depths:2 | Paralysed by a floating eye for 3 turns
 75560 | Depths:2 | Paralysed by a floating eye for 3 turns
 75562 | Depths:2 | HP: 11/256 [spriggan defender/demon whip of venom[the Enchantress] (20)]
 75562 | Depths:2 | HP: 3/256 [fire giant/great sword of flaming (8)]
 75562 | Depths:2 | Hit by a large rock thrown by a stone giant

Vault maps used:
D:1:      lemuel_arrival_room
D:2:      grunt_temple_overflow_forces_of_nature, grunt_dithmenos_smoke,
          first_ration
D:3:      patterned_corridor
D:4:      gammafunk_temple_of_torment
D:5:      kennysheep_mini_moat, dancing_weapons_uskayaw, uniq_duvessa,
          uniq_sigmund, uniq_blork_the_orc
D:6:      temple_statues, gup_sewer_entry_bubbles, st_stairs_11
D:7:      uniq_joseph, uniq_menkaure
D:8:      fiery_altar_vehumet, grunt_temple_overflow_opulence, serial_shops,
          nicolae_shop_temple_entry_statues_fountains,
          nicolae_shop_window_shopping, kennysheep_mini, grunt_livestock
D:9:      minmay_blocky_corners, minmay_misc_feat_x
D:10:     serial_undead, serial_undead_c, serial_undead_e, serial_undead_e,
          serial_undead_c, nicolae_trove_entry_diagonal
D:11:     david_lair_shrubbed, orc_david_3, pond
D:12:     uniq_urug
D:13:     serial_shops, shop
D:14:     david_vaults_3, eino_curves_02, special_room, st_stairs_3
D:15:     grunt_enter_depths_magical_seal, corner_web_ring
Lair:1:   uniq_nergalle
Lair:2:   hangedman_what_comes_after_a, minmay_swamp_entry_worms,
          spider_nest_entry_a, infiniplex_staircase_pool
Lair:3:   hangedman_lair_unloving_vines
Lair:5:   slime_altar_1, st_stairs_3, minmay_lair_oklob_chamber,
          grunt_megastairs_4
Lair:6:   minmay_lair_end_enchanted_forest
Swamp:1:  serial_swamp_ruin, evilmike_swamp_ruin_house_5,
          hangedman_swamp_ruin_hall
Swamp:2:  evilmike_swamp_ruin_house_4, swamp_pool1, nicolae_swamp_little_tower
Swamp:3:  evilmike_swamp_ruin_wall, swamp_pool3
Swamp:4:  swamp_vile, swamp_pool4, nicolae_swamp_very_dense_foliage
Spider:1: uniq_josephine, uniq_donald
Spider:2: spider_trap, uniq_arachne
Spider:3: spider_trap, nicolae_spider_cling_ruins
Spider:4: grunt_spider_rune_circles, guppyfry_spider_mini_1
Orc:1:    serial_shops, shop, bloody_trog
Orc:2:    pf_orc_diabolical, uniq_azrael
Elf:1:    eino_elf_arrival_customs, mu_enter_wizlab_6,
          portal_desolation_entry_nicolae_slug, orc_legates
Elf:2:    hangedman_elf_simple_split
Elf:3:    minmay_elf_hall_not_hex
Vaults:1: nicolae_vaults_back_hallway, v_rooms_3, hangedman_vaults_stitches,
          vaults_room_pool, hangedman_vaults_corner, ontoclasm_vaults_twist,
          vaults_room_corners, hangedman_vaults_corner_blocks
Vaults:2: nicolae_vaults_specimen_jars, ontoclasm_vaults_pinch, v_pattern_5,
          vaults_mumra_hexcomb, nicolae_vaults_alarming,
          hangedman_vaults_restitches, grunt_vaults_funnel,
          vaults_room_semicircle
Vaults:3: minmay_crypt_entry_skeletal_spiral, hangedman_vaults_hard_town_square,
          vaults_mumra_minichess, nicolae_vaults_circle_grid_b,
          nicolae_vaults_arrows, v_misc_31, nicolae_vaults_rhombus_6,
          hangedman_vaults_pinch, vaults_mumra_chevron_long, v_pattern_4,
          nicolae_vaults_ring_of_whatevers, grunt_vaults_bifocal, v_misc_27,
          nicolae_vaults_rhombus_6
Vaults:4: grunt_vaults_hallway_short, serial_ice_g, hangedman_vaults_stream,
          grunt_vaults_hallway_long, grunt_vaults_swirl,
          nicolae_vaults_little_ls, nicolae_vaults_windows_and_doors_thing,
          vaults_dpeg_ring, v_misc_15, v_misc_30, vaults_mumra_hex,
          ontoclasm_vaults_hangar, ontoclasm_vaults_tryst,
          dpeg_vaults_monster_box
Depths:1: hangedman_decor_growths, hell_entry, abyss_entry_flame_altar,
          serial_bayou, serial_bayou_pond_c, serial_bayou_pond_c,
          serial_bayou_lake_a, serial_bayou_ford_a, tgw_lugonu_bribe,
          serial_bayou_shore_b, minmay_shop_grove
Depths:2: minmay_the_grid_octo_tiled_octocenter, kennysheep_decorative_pillar,
          hell_entry, uniq_enchantress
Abyss:3:  guppyfry_abyss_exit_glass_guarded
Sewer:    sewer_kobolds

Skill      XL: |  1  2  3  4  5  6  7  8  9 10 11 12 13 14 15 16 17 18 19 20 21 22 23 |
---------------+----------------------------------------------------------------------+-----
Polearms       | 5 6 7 8 9 11 13 14 15 16 17 18 19 20 21 22 | 22.6
Fighting       | 3 4 5 6 7 9 10 11 12 13 15 16 17 18 19 20 | 20.3
Dodging        | 5 6 8 9 11 13 15 16 17 18 19 20 21 22 23 24 | 24.3
Armour         | 1 2 3 5 6 7 8 9 10 11 12 | 12.1
Invocations    | 4 6 7 9 |  9.0
Throwing       | 4 6 7 8 9 |  9.0
Evocations     | 2 4 5 6 |  6.8
Transmutations | 6 10 12 15 16 | 16.4
Earth Magic    | 2 5 7 8 9 |  9.0
Spellcasting   | 1 4 5 6 |  6.0
Shields        | 4 |  4.0

Action                   |  1- 3 |  4- 6 |  7- 9 | 10-12 | 13-15 | 16-18 | 19-21 | 22-24 || total
-------------------------+-------+-------+-------+-------+-------+-------+-------+-------++-------
Melee: Trident           |   125 |   220 |   557 |   978 |  1957 |  2570 |  1524 |  1857 ||  9788
       Tailslap          |       |       |     1 |       |       |   155 |    72 |   100 ||   328
       Halberd           |       |       |       |       |       |       |  1211 |       ||  1211
       Bardiche          |       |       |       |       |       |       |    58 |       ||    58
Throw: Tomahawk          |       |       |       |     3 |    29 |     9 |     4 |       ||    45
       Throwing net      |       |       |       |       |     4 |       |       |       ||     4
 Cast: Passwall          |       |       |       |       |       |       |     4 |       ||     4
       Statue Form       |       |       |       |       |       |       |       |     4 ||     4
Invok: Fungal Bloom      |       |     7 |    38 |    64 |   103 |   123 |    49 |    33 ||   417
       Evolution         |       |       |     5 |     5 |    20 |     9 |     3 |     2 ||    44
       Sunlight          |       |       |       |     1 |       |     3 |     3 |       ||     7
       Reproduction      |       |       |       |       |     5 |     1 |       |       ||     6
       Growth            |       |       |       |       |       |     2 |       |       ||     2
       Rain              |       |       |       |       |       |       |     5 |     6 ||    11
Evoke: Wand              |       |       |       |       |     5 |    37 |    13 |     4 ||    59
       Lamp of fire      |       |       |       |       |     1 |     2 |     1 |       ||     4
       Sack of spiders   |       |       |       |       |       |     1 |       |       ||     1
       Phial of floods   |       |       |       |       |       |       |       |     1 ||     1
  Use: Scroll            |       |     9 |     9 |    13 |    10 |    21 |    23 |    12 ||    97
       Potion            |       |       |     1 |     9 |     1 |     8 |    12 |     3 ||    34
 Stab: Confused          |       |       |       |     5 |     2 |     5 |     4 |       ||    16
       Distracted        |       |       |       |       |     2 |     6 |    12 |       ||    20
       Sleeping          |       |       |       |       |     2 |     1 |     7 |     2 ||    12
       Paralysed         |       |       |       |       |       |     2 |       |       ||     2
       Invisible         |       |       |       |       |       |       |     3 |       ||     3
  Eat: Chunk             |     2 |     4 |    16 |     9 |    19 |    49 |    17 |    16 ||   132
       Ration            |       |     2 |     1 |     7 |     7 |     7 |     9 |     4 ||    37
Armor: Leather armour    |     6 |       |       |       |       |       |       |       ||     6
       Scale mail        |    23 |    79 |   107 |    56 |       |       |       |       ||   265
       Ring mail         |       |       |       |    35 |   289 |   102 |   390 |   158 ||   974
       Acid dragon scale |       |       |       |    22 |    24 |       |       |       ||    46
       Swamp dragon scal |       |       |       |       |       |   561 |       |       ||   561
       Skin              |       |       |       |       |       |       |       |    16 ||    16
Dodge: Dodged            |    58 |   134 |   264 |   500 |  1441 |  2775 |  1981 |  1322 ||  8475
Block: Shield            |       |       |       |       |   600 |   221 |       |       ||   821
       Buckler           |       |       |       |       |       |   324 |   232 |   333 ||   889

Table legend:
 A = Spawn XP
 B = Non-spawn XP
 C = Spawn XP percentage of total XP
 D = Spawn monster count
 E = Non-spawn monster count
 F = Spawn count percentage of total count
 G = Total turns spent on level
                    A         B        C        D         E        F      G
               +---------+---------+-------+---------+---------+-------+---------
         Total |   16984 |  782229 |   2.1 |      47 |    1987 |   2.3 | 75562
               +---------+---------+-------+---------+---------+-------+---------
           D:1 |       0 |      22 |   0.0 |       0 |      11 |   0.0 |   649
           D:2 |       0 |      84 |   0.0 |       0 |      23 |   0.0 |  2311
           D:3 |       0 |     204 |   0.0 |       0 |      27 |   0.0 |  1474
           D:4 |       0 |     489 |   0.0 |       0 |      17 |   0.0 |  1311
           D:5 |       0 |    1006 |   0.0 |       0 |      27 |   0.0 |  1768
           D:6 |       0 |    1303 |   0.0 |       0 |      44 |   0.0 |  1493
           D:7 |       0 |    1186 |   0.0 |       0 |      26 |   0.0 |  1373
           D:8 |       0 |    1883 |   0.0 |       0 |      25 |   0.0 |  1738
           D:9 |       0 |    4913 |   0.0 |       0 |      38 |   0.0 |  1757
          D:10 |       0 |    3583 |   0.0 |       0 |      39 |   0.0 |  1416
          D:11 |       0 |    5796 |   0.0 |       0 |      40 |   0.0 |  2741
          D:12 |       0 |    8430 |   0.0 |       0 |      37 |   0.0 |  1463
          D:13 |       0 |    7571 |   0.0 |       0 |      42 |   0.0 |  1238
          D:14 |       0 |   10813 |   0.0 |       0 |      62 |   0.0 |  1435
          D:15 |       0 |   12521 |   0.0 |       0 |      24 |   0.0 |   938
        Lair:1 |       0 |    6054 |   0.0 |       0 |      27 |   0.0 |  1185
        Lair:2 |       0 |   17464 |   0.0 |       0 |      93 |   0.0 |  1852
        Lair:3 |       0 |    1871 |   0.0 |       0 |      10 |   0.0 |  1004
        Lair:4 |       0 |    5912 |   0.0 |       0 |      23 |   0.0 |  1281
        Lair:5 |       0 |   13001 |   0.0 |       0 |      33 |   0.0 |  1463
        Lair:6 |       0 |   21981 |   0.0 |       0 |      91 |   0.0 |  1634
       Swamp:1 |       0 |    6725 |   0.0 |       0 |      21 |   0.0 |  1621
       Swamp:2 |       0 |   20009 |   0.0 |       0 |      45 |   0.0 |  2196
       Swamp:3 |       0 |   13785 |   0.0 |       0 |      38 |   0.0 |  1558
       Swamp:4 |       0 |   26735 |   0.0 |       0 |      44 |   0.0 |  2118
      Spider:1 |       0 |   15941 |   0.0 |       0 |      42 |   0.0 |  2376
      Spider:2 |       0 |   17260 |   0.0 |       0 |      37 |   0.0 |  1834
      Spider:3 |       0 |   20849 |   0.0 |       0 |      60 |   0.0 |  3100
      Spider:4 |       0 |   37981 |   0.0 |       0 |      95 |   0.0 |  3220
         Orc:1 |       0 |    1364 |   0.0 |       0 |      15 |   0.0 |   640
         Orc:2 |       0 |   22637 |   0.0 |       0 |     101 |   0.0 |  3762
         Elf:1 |       0 |   50184 |   0.0 |       0 |      83 |   0.0 |  2665
         Elf:2 |    2282 |   41858 |   5.2 |       1 |      57 |   1.7 |  2739
         Elf:3 |       0 |   54342 |   0.0 |       0 |      49 |   0.0 |  2246
      Vaults:1 |       0 |   29513 |   0.0 |       0 |      79 |   0.0 |  1145
      Vaults:2 |       0 |   30456 |   0.0 |       0 |      48 |   0.0 |  1550
      Vaults:3 |       0 |   91176 |   0.0 |       0 |     138 |   0.0 |  3275
      Vaults:4 |       0 |   92153 |   0.0 |       0 |     129 |   0.0 |  2734
      Depths:1 |       0 |   11963 |   0.0 |       0 |      22 |   0.0 |  1300
      Depths:2 |       0 |   15872 |   0.0 |       0 |      19 |   0.0 |   213
       Abyss:2 |    7694 |   23321 |  24.8 |      31 |      26 |  54.4 |  1435
       Abyss:3 |    7008 |    4639 |  60.2 |      15 |       5 |  75.0 |   456
         Sewer |       0 |     127 |   0.0 |       0 |      12 |   0.0 |   373
    Desolation |       0 |   27252 |   0.0 |       0 |      63 |   0.0 |  1482
               +---------+---------+-------+---------+---------+-------+---------
